Map: Orbital Shipyard

Players

BEYOUNDTH

  • Race: Zerg Zerg
  • League: Bronze

Astray - Winner!

  • Race: Protoss Protoss
  • League: Bronze

VOD

Have the link to the VOD?

Description

Bronze League win on 22/11/15

Time

  • Played on: Nov. 22, 2015, 8:11 a.m.
  • Length: 16:56
Show
View Real Time Build Order
Export as new Build Order

BEYOUNDTH Zerg 

Build Orders: Pool First, Ravager All-In 

Get SALT Encoding   

  12  0:03  Drone  
  13  0:09  Drone  
  14  0:17  Overlord  
  14  0:38  Spawning Pool  
  14  0:41  Drone  
  14  0:42  Drone  
  15  0:46  Drone  
  16  0:53  Drone  
  17  1:04  Drone  
  18  1:09  Extractor  
  17  1:28  Drone x2  
  17  1:31  Queen  
  21  1:46  Drone  
  22  1:48  Overlord  
  22  2:06  Roach Warren  
  22  2:08  Extractor  
  20  2:13  Zergling x2  
  21  2:15  Drone  
  22  2:28  Hatchery  
  21  2:37  Drone  
  21  2:39  Hatchery  
  21  2:42  Zergling x2  
  22  3:01  Roach x3  
  28  3:14  Roach  
  28  3:15  Overlord  
  29  3:24  Ravager  
  30  3:41  Queen  
  30  3:46  Roach  
  30  3:47  Roach  
  36  4:00  Drone  
  37  4:09  Roach x3  
  43  4:17  Roach  
  43  4:21  Ravager  
  43  4:24  Ravager  
  47  4:25  Ravager  
  47  4:26  Ravager  
  47  4:30  Overlord  
  49  4:41  Overlord  
  49  4:49  Drone  
  49  4:50  Drone  
  51  5:00  Lair  
  51  5:08  Ravager  
  51  5:12  Ravager  
  53  5:16  Ravager  
  54  5:28  Queen  
  50  6:10  Overseer  
  50  6:20  Roach x7  
  50  6:21  Roach  
  66  6:36  Overlord x3  
  66  7:00  Ravager x4  
  70  7:17  Extractor  
  70  7:20  Extractor  
  70  7:21  Drone x4  
  70  7:22  Drone  
  72  7:47  Hydralisk Den  
  71  7:52  Ravager x2  
  73  8:25  Spore Crawler  
  72  8:29  Hatchery  
  60  9:04  Hydralisk x8  
  76  9:16  Drone  
  76  9:17  Drone x7  
  79  9:18  Drone  
  85  9:24  Ravager x2  
  87  9:32  Hydralisk  
  87  9:35  Overlord  
  87  9:36  Overlord x3  
  89  9:47  Queen  
  91  10:06  Metabolic Boost  
  91  10:10  Lurker Den  
  91  10:22  Baneling Nest  
  64  11:04  Roach  
  64  11:05  Roach x12  
  64  11:08  Drone  
  64  11:09  Drone  
  92  11:16  Drone x3  
  95  11:23  Extractor  
  95  11:25  Hydralisk, Extractor  
  93  11:32  Overseer  
  95  11:41  Ravager  
  95  11:42  Ravager x3  
  95  11:43  Ravager x4  
  103  12:03  Lurker  
  104  12:16  Infestation Pit  
  103  12:29  Spire  
  102  12:48  Zergling x2  
  102  12:49  Zergling x20  
  113  12:53  Centrifical Hooks  
  113  13:04  Infestor  
  115  13:12  Baneling  
  115  13:13  Baneling x6  
  115  13:17  Hydralisk  
  116  13:30  Baneling x3  
  116  13:31  Baneling x2  
  62  14:38  Roach x2  
  51  14:39  Roach x21  
  87  15:10  Ravager  
  87  15:11  Ravager x2  
  81  15:33  Overseer  
  81  15:40  Roach  
  81  15:41  Roach x6  
  95  16:01  Ravager  
  97  16:18  Ravager  
  97  16:23  Hatchery  
Show
View Real Time Build Order
Export as new Build Order

Astray Protoss - Winner!

Build Orders: 1 Gate Expand 

Get SALT Encoding   

  12  0:01  Probe (Chrono Boost)  
  13  0:15  Pylon  
  13  0:18  Probe (Chrono Boost)  
  14  0:35  Gateway  
  14  0:42  Assimilator  
  14  0:48  Probe (Chrono Boost)  
  15  0:59  Probe (Chrono Boost)  
  16  1:12  Probe (Chrono Boost)  
  17  1:23  Zealot  
  19  1:30  Nexus  
  19  1:32  Probe (Chrono Boost)  
  20  1:43  Cybernetics Core  
  20  2:02  Pylon  
  20  2:07  Probe (Chrono Boost)  
  21  2:12  Zealot, Assimilator  
  23  2:20  Probe (Chrono Boost), Warp Gate (Chrono Boost)  
  24  2:35  Pylon  
  24  2:40  Probe  
  24  2:41  Probe  
  26  2:52  Probe  
  26  2:53  Gateway x2  
  27  3:00  Mothership Core  
  30  3:34  Adept  
  30  3:40  Probe  
  31  3:49  Pylon  
  31  3:50  Probe  
  32  4:01  Adept  
  34  4:05  Pylon  
  34  4:11  Gateway  
  34  4:14  Probe, Pylon  
  35  4:17  Probe  
  36  4:25  Probe  
  37  4:41  Adept x2  
  41  4:47  Probe  
  41  4:48  Probe  
  43  4:52  Pylon  
  43  4:54  Gateway  
  43  4:56  Pylon  
  43  4:58  Probe  
  43  5:17  Stalker x2  
  43  5:18  Stalker  
  49  5:32  Stargate  
  49  5:37  Twilight Council  
  45  5:52  Stalker x2, Adept  
  47  6:10  Stalker x2  
  51  6:13  Mothership Core  
  53  6:26  Stalker x2  
  53  6:27  Adept  
  53  6:29  Probe  
  60  6:33  Assimilator  
  60  6:38  Assimilator  
  60  6:39  Probe  
  60  6:45  Stalker x2  
  65  6:50  Blink  
  65  7:03  Forge  
  65  7:10  Pylon  
  65  7:22  Robotics Facility  
  65  7:24  Probe  
  65  7:25  Probe  
  65  7:28  Stalker x2  
  65  7:29  Stalker x2  
  75  7:35  Pylon  
  75  7:37  Probe  
  76  7:44  Pylon  
  76  8:00  Stalker  
  76  8:01  Stalker, Adept x2  
  84  8:14  Observer  
  85  8:20  Protoss Ground Armor Level 1  
  85  8:35  Warp Prism  
  79  9:00  Stalker x2, Adept  
  79  9:01  Adept  
  87  9:07  Stalker  
  89  9:20  Robotics Facility  
  89  9:44  Pylon  
  89  9:52  Robotics Bay  
  89  9:54  Stalker  
  89  9:55  Stalker  
  89  9:57  Adept x2  
  93  10:28  Nexus  
  85  10:55  Stalker x3  
  85  10:56  Adept x2  
  95  11:01  Disruptor x2  
  101  11:07  Void Ray  
  105  11:42  Pylon x2  
  105  11:48  Pylon  
  105  11:52  Pylon  
  105  11:56  Probe  
  106  12:05  Pylon  
  106  12:06  Probe  
  106  12:07  Disruptor  
  106  12:08  Disruptor  
  113  12:17  Probe  
  114  12:22  Assimilator  
  114  12:26  Pylon  
  114  12:28  Probe  
  115  12:31  Assimilator  
  115  12:40  Gateway x2  
  115  13:04  Nexus  
  115  13:16  Protoss Ground Weapons Level 1  
  115  13:21  Disruptor x2  
  115  13:24  Extended Thermal Lance  
  121  13:34  Probe  
  122  13:44  Probe  
  123  13:50  Pylon  
  123  13:51  Pylon  
  123  13:55  Probe  
  111  14:41  Probe  
  112  14:51  Probe  
  113  15:02  Probe  
  114  15:12  Probe  
  115  15:37  Probe  
  115  15:42  Assimilator  
  116  15:44  Stalker x2  
  116  15:45  Stalker, Adept x2  
  116  15:46  Assimilator  
  116  15:47  Stalker x2, Probe  
  131  15:51  Colossus x2  
  131  15:56  Void Ray  
  147  15:58  Probe  
  148  16:08  Probe  
  149  16:19  Probe  
  150  16:30  Probe  
  150  16:40  Probe  
Tags
 
Add a new tag
Caveats
  • Supply blocks, unpowered buildings, or Contaminate may cause inaccurate times.
  • Supply counts are checked every 10 seconds.